[Event "Early-Titled-Tuesday-Blitz-October-10-2023"]
[Site "Chess.com"]
[Date "2023.10.10"]
[Round "10"]
[White "Eagle_2019"]
[Black "TregubovP"]
[Result "1-0"]
[WhiteElo "2737"]
[BlackElo "2597"]
[TimeControl "180+1"]
[EndTime "9:50:22 PDT"]
[Termination "Eagle_2019 won by resignation"]

1. Nf3 Nf6 2. c4 c5 3. Nc3 Nc6 4. e3 e6 5. d4 d5 6. cxd5 exd5 7. Bb5 Bd6 8. O-O O-O 9. dxc5 Bxc5 10. b3 Bb6 11.
Bb2 a6 12. Bxc6 bxc6 13. Rc1 Qd6 14. Na4 Ba7 15. Be5 Qe6 16. Bd4 Ne4 17. Bxa7 Rxa7 18. Nd4 Qh6 19. Nxc6 Rd7 20. Nb6 Rc7 21. Nxc8 Rfxc8 22.
Ne7+ 1-0

[Event "Early-Titled-Tuesday-Blitz-October-10-2023"]
[Site "Chess.com"]
[Date "2023.10.10"]
[Round "10"]
[White "wannabe2700"]
[Black "ExchangeAB"]
[Result "1-0"]
[WhiteElo "2652"]
[BlackElo "2496"]
[TimeControl "180+1"]
[EndTime "9:50:42 PDT"]
[Termination "wannabe2700 won by checkmate"]

1. Nf3 d5 2. Ne5 Nd7 3. Nxf7 Kxf7 4. g3 e5 5. Bg2 Ngf6 6. O-O Bd6 7. d3 Re8 8. Nc3 c6 9. e4 d4 10. Ne2 Kg8 11.
f4 c5 12. f5 b5 13. h3 c4 14. g4 Nc5 15. Ng3 cxd3 16. cxd3 b4 17. g5 Nfd7 18. Qh5 Nxd3 19. f6 Rf8 20. f7+ Kh8 21. g6 h6 22.
Bxh6 Nf6 23. Rxf6 Qxf6 24. Bg5# 1-0

[Event "Early-Titled-Tuesday-Blitz-October-10-2023"]
[Site "Chess.com"]
[Date "2023.10.10"]
[Round "10"]
[White "BardArtem"]
[Black "lefonghua"]
[Result "1-0"]
[WhiteElo "2825"]
[BlackElo "2608"]
[TimeControl "180+1"]
[EndTime "9:50:47 PDT"]
[Termination "BardArtem won by resignation"]

1. e4 c5 2. c3 Nf6 3. e5 Nd5 4.
Nf3 Nc6 5. Bc4 Nb6 6. Bb3 d6 7. exd6 Qxd6 8. O-O Be6 9. Bxe6 Qxe6 10. a4 Qd7 11. a5 Nd5 12. a6 b6 13. d4 cxd4 14. Nxd4 e6 15. Nxc6 Qxc6 16. Qg4 h5 17. Qe2 h4 18. h3 Be7 19. Nd2 O-O 20. Nf3 Rad8 21. Rd1 Qc7 22. Bg5 Bxg5 23. Nxg5 Qf4 24. Qh5 Nf6 25. Qxf7+ Kh8 26. Rxd8 Rxd8 27. Nxe6 1-0

[Event "Early-Titled-Tuesday-Blitz-October-10-2023"]
[Site "Chess.com"]
[Date "2023.10.10"]
[Round "10"]
[White "NovikovaGalina"]
[Black "VOneChess"]
[Result "1-0"]
[WhiteElo "2423"]
[BlackElo "2242"]
[TimeControl "180+1"]
[EndTime "9:50:52 PDT"]
[Termination "NovikovaGalina won by resignation"]

1. e4 c5 2. Nf3 d6 3. d4 cxd4 4. Nxd4 Nf6 5. Nc3 a6 6. Rg1 e5 7. Nb3 Be6 8. g4 Nc6 9. g5 Nd7 10. Be3 Be7 11. h4 Qc7 12. Qd2 O-O-O 13. O-O-O Nc5 14. Nd5 Bxd5 15. exd5 Nxb3+ 16. axb3 Nb8 17. Rg4 b5 18. Kb1 Nd7 19. c4 f5 20. gxf6 Nxf6 21.
Rxg7 bxc4 22. Bxc4 Kb7 23. Rc1 Qd7 24. Qa5 Qf5+ 25.
Ka1 Nd7 26. Rxe7 1-0

[Event "Early-Titled-Tuesday-Blitz-October-10-2023"]
[Site "Chess.com"]
[Date "2023.10.10"]
[Round "10"]
[White "LangesNasenhaar"]
[Black "KamlaPasand"]
[Result "1-0"]
[WhiteElo "2559"]
[BlackElo "2453"]
[TimeControl "180+1"]
[EndTime "9:50:56 PDT"]
[Termination "LangesNasenhaar won by resignation"]

1. d4 d5 2. Nc3 Nf6 3. Bf4 e6 4. Nb5 Be7 5. Nxc7+ Kf8 6. Nxa8 Na6 7. e3 Bd7 8. Bxa6 Qa5+ 9. c3 bxa6 10. Ne2 h6 11.
Qb3 g5 12. Bc7 Qb5 13. Qxb5 axb5 14. Be5 Kg7 15. Nc7 Rc8 16. Na6 Kg8 17. Bxf6 Bxf6 18. Nc5 Be8 19. a4 bxa4 20. Nxa4 Rb8 21. b4 Bb5 22.
Nc5 a6 23. Kd2 Rb6 24. Nc1 Be7 25. N1b3 f6 26. Ra3 e5 27. Rha1 exd4 28. exd4 Bd6 29. g3 h5 30. Rxa6 h4 31. Rxb6 1-0

[Event "Early-Titled-Tuesday-Blitz-October-10-2023"]
[Site "Chess.com"]
[Date "2023.10.10"]
[Round "10"]
[White "scarabee43"]
[Black "Wizard_97"]
[Result "1-0"]
[WhiteElo "2774"]
[BlackElo "2574"]
[TimeControl "180+1"]
[EndTime "9:50:57 PDT"]
[Termination "scarabee43 won by checkmate"]

1. d4 Nf6 2. Nf3 e6 3. c4 b6 4.
g3 Bb7 5. Bg2 Be7 6. O-O O-O 7.
Bf4 d5 8. Ne5 Na6 9. Nc3 c5 10.
cxd5 Nxd5 11. Nxd5 Bxd5 12. e4 Bb7 13. d5 exd5 14.
exd5 Bd6 15. Qh5 Nc7 16. Rad1 g6 17. Qf3 g5 18. Nc6 Qd7 19. Bxg5 Rfe8 20. Bf6 Bxc6 21. Qh5 h6 22. Qxh6 Bf8 23. Qh8# 1-0

[Event "Early-Titled-Tuesday-Blitz-October-10-2023"]
[Site "Chess.com"]
[Date "2023.10.10"]
[Round "10"]
[White "Rozhkov_V"]
[Black "chessculator16"]
[Result "0-1"]
[WhiteElo "2428"]
[BlackElo "2316"]
[TimeControl "180+1"]
[EndTime "9:51:00 PDT"]
[Termination "chessculator16 won by resignation"]

1. e4 c6 2. d3 d5 3. Nd2 e5 4. Ngf3 Bd6 5. d4 Nd7 6. exd5 cxd5 7. dxe5 Nxe5 8. Nxe5 Bxe5 9. Nf3 Bf6 10. Bb5+ Bd7 11.
Qe2+ Ne7 12. O-O O-O 13. c3 a6 14. Bxd7 Qxd7 15. Bf4 Rad8 16. Rad1 Rfe8 17. Qc2 Ng6 18. Bg3 Qc6 19. Qf5 Qc4 20. a3 d4 21. cxd4 Bxd4 22. Nxd4 Rxd4 23. h3 Rxd1 24. Rxd1 Qb3 25. Rd7 h6 26. Kh2 Nf8 27. Be5 Nxd7 28. Bc3 Qe6 0-1

[Event "Early-Titled-Tuesday-Blitz-October-10-2023"]
[Site "Chess.com"]
[Date "2023.10.10"]
[Round "10"]
[White "TigrVShlyape"]
[Black "ActorXu"]
[Result "1/2-1/2"]
[WhiteElo "2928"]
[BlackElo "2770"]
[TimeControl "180+1"]
[EndTime "9:51:04 PDT"]
[Termination "Game drawn by agreement"]

1. e4 e5 2. Nf3 Nf6 3. Nxe5 d6 4. Nf3 Nxe4 5. Qe2 Qe7 6. d3 Nf6 7. Nc3 Nc6 8. Qxe7+ Bxe7 9. h3 h6 10. Be3 Be6 11. Kd2 O-O-O 12. Re1 Rhe8 13. Nd4 Nxd4 14.
Bxd4 c5 15. Be3 Nd5 16. Nxd5 Bxd5 17. Be2 Bf6 18. Bf3 Bxf3 19. gxf3 Re5 20. f4 Re6 21. c3 Rde8 22. Ke2 Kd7 23. Kf3 b6 24. Bd2 d5 25.
b3 Rxe1 26. Rxe1 Rxe1 27. Bxe1 Ke6 28. Kg4 h5+ 29. Kf3 Kf5 30. c4 d4 31. b4 Be7 32. b5 Bd6 33. Bd2 f6 34. a4 Bc7 35.
Bc1 1/2-1/2

[Event "Early-Titled-Tuesday-Blitz-October-10-2023"]
[Site "Chess.com"]
[Date "2023.10.10"]
[Round "10"]
[White "ContrVersia"]
[Black "AlexPapasimakopoulos"]
[Result "1-0"]
[WhiteElo "2885"]
[BlackElo "2712"]
[TimeControl "180+1"]
[EndTime "9:51:05 PDT"]
[Termination "ContrVersia won by resignation"]

1. Nf3 g6 2. c4 Bg7 3. d4 f5 4. g3 Nf6 5. Bg2 O-O 6. O-O d6 7.
b3 e6 8. Bb2 a5 9. Nc3 Nc6 10. d5 exd5 11. cxd5 Nb4 12. Nd4 Bd7 13.
Rc1 Na6 14. e4 fxe4 15. Nxe4 Nxe4 16. Bxe4 Nc5 17. Bg2 Qe7 18. Rc2 Qf7 19. a3 Rae8 20. b4 axb4 21. axb4 Na6 22. Ne6 Bxe6 23. dxe6 Qf5 24.
Bxg7 Kxg7 25. Bxb7 Nxb4 26. Qd4+ Rf6 27. Rxc7+ Kh8 28.
Qxb4 Rfxe6 29. Qd4+ Qf6 30. Qxf6+ Rxf6 31. Rc8 Rxc8 32.
Bxc8 Kg7 33. Bb7 1-0

[Event "Early-Titled-Tuesday-Blitz-October-10-2023"]
[Site "Chess.com"]
[Date "2023.10.10"]
[Round "10"]
[White "GradualismUnleashed"]
[Black "kleopl"]
[Result "1-0"]
[WhiteElo "2565"]
[BlackElo "2467"]
[TimeControl "180+1"]
[EndTime "9:51:11 PDT"]
[Termination "GradualismUnleashed won by resignation"]

1. e4 c5 2. Nf3 d6 3. d4 cxd4 4.
Nxd4 Nf6 5. Nc3 a6 6. Be3 e5 7.
Nb3 Be7 8. f3 Be6 9. Qd2 h5 10.
Nd5 Nxd5 11. exd5 Bf5 12. Be2 Nd7 13. O-O O-O 14. Na5 Qc7 15. c4 Bf6 16. b4 Bg6 17.
Rac1 Rfe8 18. c5 dxc5 19. d6 Qc8 20. bxc5 e4 21. fxe4 Bxe4 22. Bxh5 g6 23. Bg4 Bg7 24. Bd4 f5 25. Bxg7 Kxg7 26. Bf3 Bxf3 27. Rxf3 Nxc5 28.
Qd4+ Kf7 29. Rxc5 1-0

[Event "Early-Titled-Tuesday-Blitz-October-10-2023"]
[Site "Chess.com"]
[Date "2023.10.10"]
[Round "10"]
[White "kuanysh1981"]
[Black "Russian_berezka"]
[Result "0-1"]
[WhiteElo "2526"]
[BlackElo "2656"]
[TimeControl "180+1"]
[EndTime "9:51:32 PDT"]
[Termination "Russian_berezka won by resignation"]

1. d4 f5 2. g3 Nf6 3. Bg2 g6 4. h4 Bg7 5. Nh3 Nc6 6. O-O O-O 7. c4 e5 8. Bxc6 dxc6 9. dxe5 Ne4 10. Qxd8 Rxd8 11.
f4 Nxg3 12. Re1 Nxe2+ 13. Rxe2 Rd1+ 14. Kf2 Rxc1 15. Re1 Rxc4 16. Nd2 Rc2 17. Ke3 Be6 18. Ng5 Bd5 19. b3 Bf8 20. Rac1 Rxa2 21. Nc4 Bc5+ 22.
Kd3 Rd8 23. Kc3 b5 24. b4 Bxc4 25. bxc5 Rd3+ 0-1

[Event "Early-Titled-Tuesday-Blitz-October-10-2023"]
[Site "Chess.com"]
[Date "2023.10.10"]
[Round "10"]
[White "Irishchessman16"]
[Black "ivana_999"]
[Result "1-0"]
[WhiteElo "2453"]
[BlackElo "2095"]
[TimeControl "180+1"]
[EndTime "9:51:32 PDT"]
[Termination "Irishchessman16 won by resignation"]

1. d4 Nf6 2. Nc3 d5 3. Bf4 c5 4.
e3 a6 5. dxc5 Nc6 6. a3 e5 7.
Bg5 d4 8. Ne4 Be7 9. Bxf6 gxf6 10. exd4 Nxd4 11. c3 Bf5 12. Bd3 Bxe4 13. Bxe4 Nc6 14.
Qxd8+ Rxd8 15. b4 f5 16. Bxf5 a5 17. Nf3 Bf6 18. Be4 axb4 19. axb4 Ke7 20. Ke2 Ra8 21. Nd2 Nd8 22. Rxa8 1-0

[Event "Early-Titled-Tuesday-Blitz-October-10-2023"]
[Site "Chess.com"]
[Date "2023.10.10"]
[Round "10"]
[White "MartinMatthiesen"]
[Black "Zhigalko_Sergei"]
[Result "0-1"]
[WhiteElo "2511"]
[BlackElo "2916"]
[TimeControl "180+1"]
[EndTime "9:51:35 PDT"]
[Termination "Zhigalko_Sergei won by resignation"]

1. d4 Nf6 2. c4 e6 3. Nf3 b6 4. g3 Ba6 5. b3 Bb4+ 6. Bd2 Be7 7. Nc3 O-O 8. e4 d5 9. cxd5 Bxf1 10. Kxf1 exd5 11.
e5 Ne4 12. Kg2 Qd7 13. Qe2 Nxc3 14. Bxc3 Nc6 15. Ne1 Nd8 16. f4 f5 17. exf6 Bxf6 18. Nf3 Ne6 19. h4 Rae8 20. Qd3 Nxf4+ 21. gxf4 Qg4+ 22.
Kf2 Qxf4 23. Kg2 Re3 0-1

[Event "Early-Titled-Tuesday-Blitz-October-10-2023"]
[Site "Chess.com"]
[Date "2023.10.10"]
[Round "10"]
[White "Witaliss"]
[Black "akanga001"]
[Result "1-0"]
[WhiteElo "2338"]
[BlackElo "2037"]
[TimeControl "180+1"]
[EndTime "9:51:38 PDT"]
[Termination "Witaliss won on time"]

1. Nf3 d5 2. g3 Nf6 3. Bg2 e6 4.
O-O c5 5. d3 Nc6 6. Nbd2 Be7 7.
e4 O-O 8. Qe2 Nd4 9. Nxd4 cxd4 10.
e5 Nd7 11. f4 Nb6 12. Nf3 Bc5 13. Qf2 a5 14. Nxd4 a4 15. Be3 Be7 16. Nxe6 fxe6 17.
Bxb6 Qe8 18. Bc5 Bd7 19. Bxe7 Qxe7 20. c4 Bc6 21. cxd5 exd5 22. Qd4 Rfd8 23. Rac1 Ra5 24. f5 Re8 25. f6 1-0

[Event "Early-Titled-Tuesday-Blitz-October-10-2023"]
[Site "Chess.com"]
[Date "2023.10.10"]
[Round "10"]
[White "attack2mateU"]
[Black "whiteglovethief"]
[Result "0-1"]
[WhiteElo "2715"]
[BlackElo "2573"]
[TimeControl "180+1"]
[EndTime "9:51:41 PDT"]
[Termination "whiteglovethief won by resignation"]

1. e4 e6 2. d4 d5 3. Nc3 Bb4 4. e5 Ne7 5. a3 Bxc3+ 6. bxc3 c5 7. h4 Nbc6 8. h5 h6 9. Qg4 Qa5 10. Bd2 Bd7 11. Qxg7 O-O-O 12. Qf6 Qa4 13. Nf3 Qxc2 14. dxc5 Nf5 15. Rc1 Qe4+ 16. Be2 Rhg8 17. Kf1 Rxg2 18. Bxh6 Rdg8 19. Qxf7 Nd8 20. Qf6 Ng3+ 21. Kxg2 Nxh5+ 22. Qg5 Nf4+ 0-1

[Event "Early-Titled-Tuesday-Blitz-October-10-2023"]
[Site "Chess.com"]
[Date "2023.10.10"]
[Round "10"]
[White "SirStrateg"]
[Black "ViktoriyaTarasova"]
[Result "1-0"]
[WhiteElo "2588"]
[BlackElo "2394"]
[TimeControl "180+1"]
[EndTime "9:51:43 PDT"]
[Termination "SirStrateg won by resignation"]

1. d4 Nf6 2. Bf4 e6 3. e3 d5 4. Nf3 c5 5. c3 Bd6 6. Bg3 O-O 7. Nbd2 b6 8. a4 a6 9. Bd3 Bb7 10. Ne5 Ne4 11. Nxe4 dxe4 12. Be2 cxd4 13. Qxd4 Bc5 14. Qxd8 Rxd8 15. Nc4 Nc6 16. b4 Be7 17. Nxb6 Ra7 18. O-O Bf6 19. Rfc1 Rd2 20. Kf1 Ne7 21. Bb8 Ra8 22.
Nxa8 Bxa8 23. Ba7 Bb7 24. Bd4 e5 25. Bc5 Nf5 26. Ke1 Rd8 27. b5 axb5 28. axb5 h6 29. Ra7 Bd5 30. c4 Be6 31. g3 Rc8 32. Bb4 g5 33. c5 Ne7 34. c6 Nd5 35. Ba5 Be7 36.
b6 1-0

[Event "Early-Titled-Tuesday-Blitz-October-10-2023"]
[Site "Chess.com"]
[Date "2023.10.10"]
[Round "10"]
[White "mishanick"]
[Black "remi04"]
[Result "1-0"]
[WhiteElo "3082"]
[BlackElo "2867"]
[TimeControl "180+1"]
[EndTime "9:51:44 PDT"]
[Termination "mishanick won by resignation"]

1. d4 Nf6 2. c4 e6 3. Nc3 Bb4 4. e3 O-O 5. Bd3 d5 6. a3 Bxc3+ 7. bxc3 c5 8. cxd5 exd5 9. Ne2 b6 10. f3 Ba6 11.
O-O Re8 12. Ng3 Bxd3 13. Qxd3 Qc8 14. e4 cxd4 15. cxd4 Qa6 16. Qe3 Nc6 17. e5 Nd7 18. Nf5 Re6 19. f4 Nf8 20. Nxg7 Rg6 21. Nf5 Ne6 22.
Bb2 Kh8 23. Nd6 Rag8 24. Nxf7+ Kg7 25. f5 1-0

[Event "Early-Titled-Tuesday-Blitz-October-10-2023"]
[Site "Chess.com"]
[Date "2023.10.10"]
[Round "10"]
[White "djano"]
[Black "FoxOnTheRun97"]
[Result "1-0"]
[WhiteElo "2681"]
[BlackElo "2535"]
[TimeControl "180+1"]
[EndTime "9:51:47 PDT"]
[Termination "djano won by checkmate"]

1. d4 Nf6 2. Nc3 d5 3. Bf4 e6 4. e3 Bd6 5. Nf3 O-O 6. Ne5 c5 7. Qf3 Qe7 8. Bg5 Nbd7 9. Nxd7 Bxd7 10. Bd3 c4 11. Be2 b5 12. e4 h6 13. Bh4 b4 14.
e5 bxc3 15. bxc3 Qd8 16. exf6 Re8 17. Qh5 g6 18. Qxh6 e5 19. Qg7# 1-0

[Event "Early-Titled-Tuesday-Blitz-October-10-2023"]
[Site "Chess.com"]
[Date "2023.10.10"]
[Round "10"]
[White "FMStan15"]
[Black "stratacticos"]
[Result "1-0"]
[WhiteElo "2107"]
[BlackElo "1785"]
[TimeControl "180+1"]
[EndTime "9:51:54 PDT"]
[Termination "FMStan15 won on time"]

1. e4 c5 2. c3 Nf6 3. e5 Nd5 4. d4 cxd4 5. Nf3 g6 6. cxd4 Bg7 7. Bc4 Nb6 8. Bb3 O-O 9. O-O d6 10. Qe2 Nc6 11. e6 f6 12. d5 Na5 13. Rd1 Nxb3 14. axb3 a5 15. Nc3 Qe8 16. Nb5 Qd8 17. Be3 a4 18. b4 Nxd5 19. Rxd5 Bxe6 20. Bb6 Qxb6 21. Qxe6+ Kh8 22. Nbd4 Qxb4 23. Rb5 1-0

[Event "Early-Titled-Tuesday-Blitz-October-10-2023"]
[Site "Chess.com"]
[Date "2023.10.10"]
[Round "10"]
[White "cukin84"]
[Black "JesseFebruary"]
[Result "1-0"]
[WhiteElo "2207"]
[BlackElo "2066"]
[TimeControl "180+1"]
[EndTime "9:52:02 PDT"]
[Termination "cukin84 won by checkmate"]

1. e4 e6 2. d4 d5 3. Nc3 Nf6 4. e5 Nfd7 5. f4 c5 6. Nf3 Nc6 7. Be3 a6 8. Qd2 b5 9. Nd1 Qb6 10. c3 cxd4 11. Nxd4 Nxd4 12. Bxd4 Bc5 13. Be2 Bb7 14.
O-O O-O 15. Kh1 Rac8 16. Bd3 Qd8 17. f5 exf5 18. Bxf5 Re8 19. Qd3 g6 20. Bxd7 Qxd7 21. Ne3 h5 22. Rf3 Bxd4 23. cxd4 Rc4 24. h3 Rec8 25.
Raf1 Rc1 26. Nd1 Rf8 27. Qd2 Rc4 28. Qh6 Rxd4 29. Ne3 Rd2 30. Nf5 gxf5 31. Rxf5 Rxg2 32. Kxg2 d4+ 33. Kh2 f6 34. Rg1+ Kf7 35. Rxf6+ Ke8 36. Qxf8# 1-0

[Event "Early-Titled-Tuesday-Blitz-October-10-2023"]
[Site "Chess.com"]
[Date "2023.10.10"]
[Round "10"]
[White "YouShallNotPass001"]
[Black "secrethawk1"]
[Result "0-1"]
[WhiteElo "2386"]
[BlackElo "2299"]
[TimeControl "180+1"]
[EndTime "9:52:04 PDT"]
[Termination "secrethawk1 won by resignation"]

1. Nf3 Nf6 2. e3 d5 3. Be2 c5 4. O-O e6 5. d4 Be7 6. a3 O-O 7. Nbd2 cxd4 8. exd4 Nc6 9. Re1 Bd7 10. Nf1 Rc8 11.
Ne3 Qc7 12. c3 Bd6 13. a4 a6 14. b4 Ne7 15. Bb2 Ne4 16. Rc1 f5 17. a5 g5 18. g3 f4 19. Ng2 fxg3 20. fxg3 Bxg3 21. hxg3 Qxg3 22. Rf1 g4 23. Ne5 Rf2 24. Rxf2 Qxf2+ 25. Kh2 g3+ 26. Kh1 Qf5 27. Bg4 Qg5 28. Kg1 Rf8 29.
Nxd7 Rf2 30. Rc2 Qh6 31. Rxf2 gxf2+ 32. Kf1 Qh1+ 33. Ke2 Qxd1+ 34. Kxd1 f1=Q+ 35. Ne1 Nf2+ 36. Kd2 Nxg4 0-1

[Event "Early-Titled-Tuesday-Blitz-October-10-2023"]
[Site "Chess.com"]
[Date "2023.10.10"]
[Round "10"]
[White "tarno17"]
[Black "JAN2404"]
[Result "0-1"]
[WhiteElo "2129"]
[BlackElo "2082"]
[TimeControl "180+1"]
[EndTime "9:52:04 PDT"]
[Termination "JAN2404 won by checkmate"]

1. e4 c5 2. Nf3 d6 3. Bb5+ Bd7 4. Bxd7+ Qxd7 5. O-O Nf6 6. Re1 Nc6 7. c3 g6 8. d4 cxd4 9. cxd4 Bg7 10. Nc3 O-O 11.
Bg5 Rac8 12. Qd2 Na5 13. Bxf6 Bxf6 14. Nd5 Nc4 15. Nxf6+ exf6 16. Qb4 d5 17. b3 a5 18. Qc3 Na3 19. Qxa5 Nc2 20. e5 Nxa1 21. Rxa1 fxe5 22. Nxe5 Qc7 23. Qxd5 Qc1+ 24. Rxc1 Rxc1# 0-1

[Event "Early-Titled-Tuesday-Blitz-October-10-2023"]
[Site "Chess.com"]
[Date "2023.10.10"]
[Round "10"]
[White "ChessFighter_2011"]
[Black "Alonmindlin"]
[Result "0-1"]
[WhiteElo "2853"]
[BlackElo "2725"]
[TimeControl "180+1"]
[EndTime "9:52:05 PDT"]
[Termination "Alonmindlin won by checkmate"]

1. c4 e5 2. Nc3 Nf6 3. Nf3 Nc6 4. e3 Bb4 5. Qc2 O-O 6. Nd5 h6 7. a3 Be7 8. Nxe7+ Qxe7 9. d3 a5 10. b3 d6 11. Be2 Bf5 12. O-O Nd7 13. Bb2 Nc5 14.
Qd1 Rab8 15. d4 Ne4 16. d5 Nd8 17. b4 b6 18. Rc1 axb4 19. axb4 Ra8 20. Qb3 f6 21. Ra1 Nf7 22. Nh4 Bh7 23. Nf3 Nfg5 24. Rxa8 Rxa8 25. Ra1 Rxa1+ 26. Bxa1 Nxf3+ 27. gxf3 Ng5 28. c5 bxc5 29. bxc5 Bf5 30. Bc3 Qf7 31. Qb8+ Kh7 32. cxd6 Bh3 33. Bd3+ e4 34. d7 Nxf3+ 35. Kh1 Qg6 36.
Bxe4 Bg2# 0-1

[Event "Early-Titled-Tuesday-Blitz-October-10-2023"]
[Site "Chess.com"]
[Date "2023.10.10"]
[Round "10"]
[White "tdf98pantani"]
[Black "seopie"]
[Result "0-1"]
[WhiteElo "2650"]
[BlackElo "2794"]
[TimeControl "180+1"]
[EndTime "9:52:05 PDT"]
[Termination "seopie won by resignation"]

1. e4 c5 2. Nf3 Nc6 3. d3 g6 4. g3 Bg7 5. Bg2 d6 6. O-O e5 7. c3 Nge7 8. Nh4 O-O 9. f4 exf4 10. gxf4 d5 11. Nd2 f5 12. e5 Be6 13. Nhf3 Kh8 14. h4 h5 15. Ng5 Qd7 16. Nxe6 Qxe6 17. Nf3 Rad8 18. Ng5 Qd7 19. Kh2 Ng8 20. Be3 d4 21. cxd4 cxd4 22. Bf2 Nh6 23. Qb3 Ng4+ 24. Kg1 Qe7 25. Rac1 Bh6 26. Bxc6 Bxg5 27. hxg5 bxc6 28. Rxc6 Nxe5 29. fxe5 Qxg5+ 30. Kh1 Qg4 31. Be1 f4 32. Qe6 Rf5 33. Qxg6 Qh3+ 34. Kg1 Rg8 35. Rf2 Rg5+ 0-1

[Event "Early-Titled-Tuesday-Blitz-October-10-2023"]
[Site "Chess.com"]
[Date "2023.10.10"]
[Round "10"]
[White "Rutricks"]
[Black "Fan_Of_Chucky"]
[Result "0-1"]
[WhiteElo "2668"]
[BlackElo "2557"]
[TimeControl "180+1"]
[EndTime "9:52:07 PDT"]
[Termination "Fan_Of_Chucky won by resignation"]

1. Nf3 Nf6 2. g3 c5 3. c4 d5 4. cxd5 Nxd5 5. Bg2 Nc6 6. O-O Nc7 7. b3 e5 8. Bb2 f6 9. e3 Be7 10. d4 cxd4 11. exd4 exd4 12. Nxd4 Nxd4 13. Bxd4 O-O 14. Re1 Bb4 15. Nc3 Re8 16. Rxe8+ Qxe8 17. Qd3 Be6 18.
Rd1 Rd8 19. Ne4 Nb5 20. Qe3 Qd7 21. a3 Bxa3 22. b4 Bxb4 23. Rb1 Qxd4 24. Nxf6+ Qxf6 25. Rxb4 Qa1+ 26. Bf1 Bh3 0-1

[Event "Early-Titled-Tuesday-Blitz-October-10-2023"]
[Site "Chess.com"]
[Date "2023.10.10"]
[Round "10"]
[White "ChainedDowntohell"]
[Black "DeArron_Fox"]
[Result "1-0"]
[WhiteElo "2442"]
[BlackElo "2506"]
[TimeControl "180+1"]
[EndTime "9:52:08 PDT"]
[Termination "ChainedDowntohell won on time"]

1. d4 d5 2. c4 e6 3. Nc3 Nf6 4. Bg5 Be7 5. e3 O-O 6. cxd5 Nxd5 7. Bxe7 Qxe7 8. Rc1 Nxc3 9. Rxc3 b6 10. Qc2 c6 11.
Nf3 Bb7 12. Bd3 h6 13. O-O Nd7 14. Be4 Nf6 15. Bxc6 Rfc8 16. Bxb7 Qxb7 17. Rc1 Rxc3 18. Qxc3 Nd5 19. Qc6 Qxc6 20. Rxc6 Nb4 21. Rc7 Nxa2 22.
Ne5 f6 23. Nd3 a5 24. Rb7 Ra6 25. Nf4 Nb4 26. Nxe6 Nd3 27. Nc7 1-0

[Event "Early-Titled-Tuesday-Blitz-October-10-2023"]
[Site "Chess.com"]
[Date "2023.10.10"]
[Round "10"]
[White "vladgoncharov"]
[Black "SmirnovAlexandrA"]
[Result "1-0"]
[WhiteElo "2535"]
[BlackElo "2626"]
[TimeControl "180+1"]
[EndTime "9:52:14 PDT"]
[Termination "vladgoncharov won by resignation"]

1. d4 Nf6 2. c4 g6 3. Nc3 Bg7 4. Nf3 O-O 5. Bg5 d6 6. e3 c5 7. d5 e6 8. Be2 exd5 9. cxd5 Nbd7 10. O-O a6 11. a4 b6 12. Nd2 Bb7 13. Nc4 Qc7 14.
Bf4 Ne5 15. Bxe5 dxe5 16. d6 Qc6 17. Bf3 e4 18. Be2 Nd5 19. Nxd5 Qxd5 20. Qxd5 Bxd5 21. Nxb6 Bxb2 22. Rab1 Be5 23. Nxd5 Bxd6 24. Nf6+ Kg7 25. Nxe4 Be7 26. Bc4 Rfd8 27. Rfd1 a5 28. Nc3 Bf6 29. Nd5 Be5 30. f4 Rxd5 1-0

[Event "Early-Titled-Tuesday-Blitz-October-10-2023"]
[Site "Chess.com"]
[Date "2023.10.10"]
[Round "10"]
[White "meoluoi91"]
[Black "WindWhistler11"]
[Result "0-1"]
[WhiteElo "2591"]
[BlackElo "2499"]
[TimeControl "180+1"]
[EndTime "9:52:14 PDT"]
[Termination "WindWhistler11 won on time"]

1. d4 e6 2. c4 Nf6 3. Nc3 c5 4. d5 exd5 5. Nxd5 Nxd5 6. Qxd5 d6 7. b3 Qf6 8. Rb1 Nc6 9. Bb2 Qg6 10. Qd1 Bf5 11. Rc1 Nb4 12. Rc3 O-O-O 13. f3 Nxa2 14. Re3 Nb4 15. Kf2 d5 16. Qa1 Nc2 17. Re5 Nxa1 0-1

[Event "Early-Titled-Tuesday-Blitz-October-10-2023"]
[Site "Chess.com"]
[Date "2023.10.10"]
[Round "10"]
[White "Manukyan_Artak"]
[Black "kidagent"]
[Result "1-0"]
[WhiteElo "2473"]
[BlackElo "2275"]
[TimeControl "180+1"]
[EndTime "9:52:15 PDT"]
[Termination "Manukyan_Artak won by resignation"]

1. e4 c6 2. d4 d5 3. e5 Bf5 4.
c4 e6 5. Nc3 Ne7 6. Nf3 Nd7 7.
Nh4 dxc4 8. Bxc4 Nb6 9. Bb3 Bg6 10. Bg5 Qd7 11. O-O O-O-O 12. Nxg6 hxg6 13. Be3 Nf5 14. Qf3 Nxd4 15. Bxd4 Qxd4 16. Qxf7 Bc5 17. Qxe6+ Kb8 18.
Rad1 Qh4 19. Rxd8+ Rxd8 20. Qxg6 Rh8 21. Qg3 Qh6 22.
e6+ Ka8 23. Ne4 Bd4 24. Rd1 Bxb2 25. e7 Nc8 26. Rd8 c5 27. Qc7 1-0

[Event "Early-Titled-Tuesday-Blitz-October-10-2023"]
[Site "Chess.com"]
[Date "2023.10.10"]
[Round "10"]
[White "Herman-NY"]
[Black "Witik"]
[Result "0-1"]
[WhiteElo "2540"]
[BlackElo "2690"]
[TimeControl "180+1"]
[EndTime "9:52:22 PDT"]
[Termination "Witik won on time"]

1. e4 c6 2. d4 d5 3. e5 Bf5 4. h4 Qb6 5. a4 h6 6. a5 Qc7 7. Bd3 Bxd3 8. Qxd3 e6 9. c4 Bb4+ 10. Bd2 dxc4 11. Qxc4 Bxd2+ 12. Nxd2 Ne7 13. Ne4 O-O 14. Nf3 Rd8 15. h5 Na6 16. O-O Nd5 17. g3 Qe7 18. Nd6 Rxd6 19. exd6 Qxd6 20. Kg2 Nac7 21. Rae1 Nf6 22. Re5 Rd8 23. Rh1 Nb5 24. Rh4 a6 25. Rf4 Nd5 26. Rg4 Nf6 27. Rf4 Nc7 28. Rh4 Ncd5 29. Qc1 Nd7 30. Ree4 N5f6 31.
Re2 Qd5 32. Qe3 Nxh5 0-1

[Event "Early-Titled-Tuesday-Blitz-October-10-2023"]
[Site "Chess.com"]
[Date "2023.10.10"]
[Round "10"]
[White "DefiantChair"]
[Black "krzyzan94"]
[Result "0-1"]
[WhiteElo "2627"]
[BlackElo "2779"]
[TimeControl "180+1"]
[EndTime "9:52:35 PDT"]
[Termination "krzyzan94 won by resignation"]

1. e4 c5 2. Nf3 Nc6 3. d4 cxd4 4. Nxd4 e5 5. Nb5 d6 6. Bc4 a6 7. N5c3 Nf6 8. O-O Be7 9. Re1 Bg4 10. f3 Be6 11. Bb3 Nd4 12. Be3 Nxb3 13. axb3 O-O 14.
Nd5 Nxd5 15. exd5 Bf5 16. c4 Bg6 17. Nc3 f5 18. f4 Bh4 19. Rf1 Re8 20. Qd2 exf4 21.
Bxf4 Qb6+ 22. Kh1 Qxb3 23. Bxd6 Qxc4 24. Rf4 Bg5 25. Rxc4 Bxd2 26. Rc7 f4 27. Bc5 Be3 28.
Bxe3 fxe3 29. Rxb7 e2 30. Re1 Bd3 31. Kg1 Rf8 32.
Nxe2 Rae8 33. d6 Rxe2 34. Rxe2 Bxe2 35. h3 Bb5 36. Re7 Rd8 37. Re6 Kf7 38. Re7+ Kf6 39. Re3 Rxd6 40. b3 Rd3 0-1

[Event "Early-Titled-Tuesday-Blitz-October-10-2023"]
[Site "Chess.com"]
[Date "2023.10.10"]
[Round "10"]
[White "JoliyRoger"]
[Black "inagreV"]
[Result "0-1"]
[WhiteElo "2459"]
[BlackElo "2314"]
[TimeControl "180+1"]
[EndTime "9:52:37 PDT"]
[Termination "inagreV won on time"]

1. Nf3 d5 2. c4 d4 3. e3 Nc6 4. d3 e5 5. exd4 exd4 6. Be2 Bb4+ 7.
Nbd2 a5 8. O-O Nf6 9. a3 Bd6 10. Nb3 a4 11. Nbd2 O-O 12. Re1 Re8 13. Nf1 h6 14.
Ng3 Ne7 15. Bd2 Ng6 16. b4 axb3 17. Qxb3 b6 18. a4 Bf4 19. Bf1 Bxd2 20. Nxd2 Bd7 21. Qb4 Rxe1 22. Qb1 Rxb1 0-1